 Dungeon Crawl Stone Soup version 0.29-a0-321-gf1c400731a (webtiles) character file.

Game seed: 17218917844541879578

245 dianekeaton the Cleaver (level 6, 0/51 HPs)
             Began as a Hill Orc Fighter on Apr 5, 2022.
             Slain by an iguana (11 damage)
             ... on level 4 of the Dungeon.
             The game lasted 00:07:20 (2938 turns).

dianekeaton the Cleaver (Hill Orc Fighter)          Turns: 2938, Time: 00:07:20

Health: 0/51       AC:  9    Str: 21    XL:     6   Next: 10%
Magic:  6/6        EV:  7    Int:  8    God:
Gold:   205        SH:  4    Dex: 10    Spells: 5/5 levels left

rFire   . . .      SeeInvis .   s - +1 flail (drain)
rCold   . . .      Faith    .   c - +0 buckler
rNeg    . . .      Spirit   .   n - +0 chain mail
rPois   .          Reflect  .   (no helmet)
rElec   .          Harm     .   (no cloak)
rCorr   .          Rampage  .   (no gloves)
Will    .....                   (no boots)
Stlth   ..........              (no amulet)
HPRegen 0.17/turn               (no ring)
MPRegen 0.10/turn               (no ring)

@: no status effects
A: no striking features
a: no special abilities


You were on level 4 of the Dungeon.
You visited 1 branch of the dungeon, and saw 4 of its levels.

You collected 205 gold pieces.

Inventory:

Hand Weapons
 a - a +0 war axe
 s - a +1 flail of draining (weapon)
Missiles
 b - 3 poisoned darts
 e - 82 stones (quivered)
Armour
 c - a +0 buckler (worn)
 n - a +0 chain mail (worn)
Wands
 l - a wand of acid (9)
Scrolls
 j - 2 scrolls of identify
 k - a scroll of fear
 m - 2 scrolls of teleportation
 o - a scroll of enchant armour {unknown}
 p - a scroll of enchant weapon {unknown}
 r - a scroll of torment {unknown}
Potions
 d - a potion of berserk rage
 f - a potion of curing
 g - a potion of haste
 h - a potion of might
 i - 2 potions of attraction
 q - 2 potions of ambrosia {unknown}


   Skills:
 - Level 3.6 Fighting
 + Level 8.0 Axes
 + Level 0.4 Throwing
 - Level 3.2 Armour
 - Level 0.3 Dodging
 - Level 3.2 Shields


You had 5 spell levels left.
You didn't know any spells.
Your spell library contained the following spells:

 Spells                   Type           Power      Damage    Failure   Level
 Sublimation of Blood     Necr           0%         N/A       100%        2
 Wereblood                Tmut           0%         N/A       100%        2
 Summon Hydra             Summ           0%         N/A       100%        7


Dungeon Overview and Level Annotations

Branches:
Dungeon (4/15)
 Temple: D:4-7

Altars:
Cheibriados
Okawaru
Wu Jian


Message History

You see here 2 stones.
The orc attacks as you move away! The orc hits you but does no damage.
You see here a stone.
You hit the orc but do no damage. You drain the orc.
The orc is moderately wounded.
The orc hits you with a +0 hand axe.
An orc comes into view. It is wielding a +0 club.
You barely miss the orc.
The orc is moderately wounded.
The orc hits you but does no damage.
You hit the orc.
You kill the orc!
The orc hits you but does no damage. The orc closely misses you.
The orc attacks as you move away! The orc barely misses you.
You block the orc's attack.
An iguana comes into view.
The iguana hisses angrily.
The orc hits you but does no damage.
You closely miss the orc. You block the orc's attack.
The orc hits you but does no damage.
You closely miss the orc. You block the orc's attack.
The orc hits you with a +0 dagger.
You hit the orc. You drain the orc.
You kill the orc!
The orc hits you with a +0 club. The orc hits you but does no damage.
Things that are here:
a +0 dagger; a stone; an orc corpse You barely miss the orc.
The orc hits you with a +0 club. The iguana bites you!
The orc hits you but does no damage.
You hit the orc.
The orc is heavily wounded.
The iguana bites you!
* * * LOW HITPOINT WARNING * * *
The orc completely misses you.
You hit the orc.
You kill the orc!
The iguana closely misses you. The iguana bites you!
You die...

._.._..#.!# #..# ##.
.... #..# #..# #..
###### #..# #..# #..
##$$$$###..# #..#
#..##......##..###..#
#...##$...##........#
####....#8..8#....###.##
.............)....# #.#
...###@).#######.###.#
.......l..............#
####..............#####
....############## ####


You could see an iguana.

Vanquished Creatures
  A scorpion (D:4)
  An orc priest (D:3)
  7 adders
  3 worms
  2 dart slugs
  12 orcs
  5 ball pythons
  4 endoplasms
  A giant cockroach (D:3)
  5 goblins
  4 hobgoblins
  7 jackals
  4 quokkas
  4 bats
  A frilled lizard (D:1)
  6 kobolds
  2 rats
69 creatures vanquished.

Notes
Turn   | Place    | Note
-------+----------+-------------------------------------------
     0 | D:1      | dianekeaton the Hill Orc Fighter began the quest for the
                  | Orb.
     0 | D:1      | Reached XP level 1. HP: 19/19 MP: 1/1
    24 | D:1      | Reached skill level 3 in Axes
   269 | D:1      | Reached XP level 2. HP: 26/26 MP: 2/2
   518 | D:1      | Reached skill level 4 in Axes
   779 | D:1      | Found a faded altar of an unknown god.
   807 | D:1      | Reached XP level 3. HP: 30/31 MP: 3/3
   963 | D:2      | Reached skill level 5 in Axes
   981 | D:2      | Reached XP level 4. HP: 20/39 MP: 4/4
  1705 | D:3      | Reached skill level 6 in Axes
  1717 | D:3      | Reached XP level 5. HP: 16/45 MP: 5/5
  2114 | D:3      | Reached skill level 7 in Axes
  2784 | D:4      | Found an ornate altar of the Wu Jian Council.
  2897 | D:4      | Reached XP level 6. HP: 45/51 MP: 6/6
  2898 | D:4      | Reached skill level 8 in Axes
  2898 | D:4      | Found a snail-covered altar of Cheibriados.
  2918 | D:4      | Found an iron altar of Okawaru.
  2938 | D:4      | Slain by an iguana

Illustrated notes

Levels and vault maps discovered:
D:1:      dpeg_arrival_pits, layout_loops_ring,
          ebering_ecumenical_altar_abandoned, minmay_misc_feat_room
D:2:      layout_rooms
D:3:      layout_loops_cross, serial_glass, glass_columns_a, glass_columns_a,
          glass_columns_a, glass_columns_a, glass_columns_c, glass_columns_c,
          glass_columns_a, glass_columns_b, glass_columns_a, glass_columns_a,
          glass_columns_a, glass_columns_a, glass_columns_a, glass_columns_a,
          feat_on_display, due_unseen_surprise
D:4:      layout_loops_ring, jmf_multi_god_temple,
          pdpol_wu_jian_five_deadly_venoms, lemuel_zombie_altar_kikubaaqudgha,
          hangedman_glass_teeth, grunt_decor_fettered, uniq_duvessa

Skill      XL: |  1  2  3  4  5  6 |
---------------+-------------------+-----
Axes           | 3 4 5 6 7 8 |  8.0
Fighting       | |  3.6
Throwing       | |  0.4
Armour         | |  3.2
Dodging        | |  0.3
Shields        | |  3.2

Action                   |  1- 3 |  4- 6 || total
-------------------------+-------+-------++-------
Melee: War axe           |    77 |   110 ||   187
       Flail             |       |     9 ||     9
Throw: Stone             |       |     9 ||     9
  Use: Scroll            |     3 |     5 ||     8
       Potion            |     1 |     1 ||     2
Armor: Scale mail        |    58 |     4 ||    62
       Chain mail        |       |    59 ||    59
Dodge: Dodged            |    71 |    35 ||   106
Block: Buckler           |    25 |    15 ||    40

Table legend: (Time is in decaauts)
 A = Elapsed time spent in this place.
 B = Non-inter-level travel time spent in this place.
 C = Inter-level travel time spent in this place.
 D = Time resting spent in this place.
 E = Time spent auto-exploring this place.
 F = Levels seen in this place.
 G = Mean time per level.
                   A        B        C        D        E       F      G
               +--------+--------+--------+--------+--------+-----+--------+
         Total |   2992 |   2885 |    107 |    197 |   2093 |   4 |  748.0 |
       Dungeon |   2992 |   2885 |    107 |    197 |   2093 |   4 |  748.0 |
               +--------+--------+--------+--------+--------+-----+--------+

Top non-repeatable levels by time:
     D:1: 975 daAuts
     D:2: 931 daAuts
     D:3: 839 daAuts
     D:4: 246 daAuts
